 Dungeon Crawl Stone Soup version 0.31-a0-221-gbddc013574 (webtiles) character file.

Game seed: 13180449808680350934

154 senseless the Shooter (level 5, -1/48 HPs)
             Began as a Deep Elf Hunter on July 4, 2023.
             Slain by a cerulean imp
             ... wielding a +1 spear
             ... summoned by Natasha
              (2 damage)
             ... on level 2 of the Dungeon.
             The game lasted 00:02:56 (1373 turns).

senseless the Shooter (Deep Elf Hunter)             Turns: 1373, Time: 00:02:56

Health: -1/48      AC: 22    Str:  8    XL:     5   Next: 13%
Magic:  7/7        EV:  2    Int: 14    God:
Gold:   43         SH:  0    Dex: 20    Spells: 4/4 levels left

rFire   . . .        a - +0 shortbow
rCold   . . .        (shield currently unavailable)
rNeg    . . .        c - melded +0 leather armour
rPois   +            (helmet currently unavailable)
rElec   .            (cloak currently unavailable)
rCorr   .            (gloves currently unavailable)
SInv    .            (boots currently unavailable)
Will    .....        (no amulet)
Stlth   ++           (no ring)
HPRegen 0.28/turn    (no ring)
MPRegen 0.10/turn

%: no passive effects
@: tree-form, slowed, very slow
A: stationary, stasis, torment immunity, boosted hp
a: no special abilities


You were on level 2 of the Dungeon.
You were a tree.
You visited 1 branch of the dungeon, and saw 2 of its levels.

You collected 43 gold pieces.

Inventory:

Hand Weapons
 a - a +0 shortbow (weapon)
 l - a +2 spear of pain
Armour
 c - a +0 leather armour (melded)
 k - a +0 helmet
Scrolls
 b - 2 scrolls of butterflies
 f - 3 scrolls of identify {unknown}
 g - a scroll of enchant armour {unknown}
Potions
 e - a potion of lignification
 h - a potion of degeneration {unknown}
 i - a potion of mutation {unknown}
 j - a potion of brilliance
 m - a potion of attraction {unknown}


   Skills:
 + Level 2.8 Fighting
 + Level 6.5 Ranged Weapons
 + Level 4.2 Dodging
 - Level 1.2 Stealth


You had 4 spell levels left.
You didn't know any spells.
Your spell library contained the following spells:

 Spells                   Type           Power      Damage    Failure   Level
 Blink                    Tloc           0%         N/A       41%         2
 Manifold Assault         Tloc           0%         N/A       96%         4
 Storm Form               Tmut/Air       0%         N/A       100%        7


Dungeon Overview and Level Annotations

Branches:
Dungeon (2/15)

Altars:

Annotations:
D:2 Jessica, Natasha


Message History

The cerulean imp barely misses you. Jessica misses you.
Natasha mumbles some strange words.
The cerulean imp closely misses you.
You shoot an arrow. The arrow closely misses Jessica.
The arrow misses Natasha.
Jessica barely misses you.
The cerulean imp hits you from afar with a +2 spear.
The cerulean imp completely misses you.
Natasha howls an incantation.
You feel disoriented. The cerulean imp barely misses you. Jessica misses you.
You shoot an arrow.
The arrow hits Jessica but does no damage.
Jessica is lightly wounded.
The cerulean imp barely misses you. Jessica hits you but does no damage.
The cerulean imp barely misses you. x2
You shoot an arrow. The arrow barely misses Jessica.
The arrow hits Natasha.
Natasha is heavily wounded.
Jessica hits you with a +0 club.
The cerulean imp hits you from afar with a +2 spear.
* * * LOW HITPOINT WARNING * * *
The cerulean imp barely misses you. The cerulean imp misses you.
Jessica barely misses you.
The cerulean imp hits you from afar with a +1 spear.
* * * LOW HITPOINT WARNING * * *
It was a potion of curing.
You feel better. Jessica hits you with a +0 club.
* * * LOW HITPOINT WARNING * * *
The cerulean imp hits you from afar with a +2 spear.
* * * LOW HITPOINT WARNING * * *
The cerulean imp hits you but does no damage.
The cerulean imp closely misses you. Jessica completely misses you.
It was a potion of lignification.
You turn into a tree.
Your +0 leather armour melds into your body.
Your roots penetrate the ground.
The cerulean imp hits you from afar with a +1 spear.
* * * LOW HITPOINT WARNING * * *
Jessica mumbles some strange words.
Jessica blinks!
The cerulean imp hits you but does no damage.
The cerulean imp hits you from afar with a +1 spear.
You die...

########## .. ######## #.
........ ## . #.. ......
##> .!#.. #.... ..#
#####.[ .....< #..# #.#
#...).. #....####..# #.#
#.###.. ##........)5####
#.# #.#....
.......)..5.h♣.# #.#
#.#†###
..###.##...5##.####.#
#.#)# # # ##...........##
#.#.# # .###...........#
#.#.#
............###.###.#.###
..#####...#.###..........
#..#..............
#..########.#....
#........#..####.


You could see Natasha and 3 cerulean imps.

Vanquished Creatures
  Natasha (twice) (D:2)
  Robin (D:2)
  4 gnolls (D:2)
  3 dart slugs
  A ball python (D:1)
  An endoplasm (D:1)
  A giant cockroach (D:1)
  7 goblins
  4 hobgoblins (D:2)
  7 jackals
  3 kobolds
  4 quokkas
  4 bats (D:1)
  4 frilled lizards
  2 rats (D:1)
48 creatures vanquished.

Notes
Turn   | Place    | Note
-------+----------+-------------------------------------------
     0 | D:1      | senseless the Deep Elf Hunter began the quest for the Orb.
     0 | D:1      | Reached XP level 1. HP: 12/12 MP: 3/3
   174 | D:1      | Reached XP level 2. HP: 17/17 MP: 4/4
   883 | D:1      | Reached XP level 3. HP: 21/21 MP: 5/5
  1052 | D:2      | Noticed Natasha
  1059 | D:2      | Killed Natasha
  1060 | D:2      | Reached skill level 6 in Ranged Weapons
  1116 | D:2      | Reached XP level 4. HP: 27/27 MP: 6/6
  1237 | D:2      | Noticed Robin
  1247 | D:2      | Killed Robin
  1337 | D:2      | Noticed Natasha
  1342 | D:2      | Killed Natasha
  1343 | D:2      | Reached XP level 5. HP: 32/32 MP: 7/7
  1352 | D:2      | Noticed Natasha
  1359 | D:2      | Noticed Jessica
  1372 | D:2      | HP: 1/32 [cerulean imp/+2 spear[Natasha] (4)]
  1373 | D:2      | Slain by a cerulean imp

Illustrated notes

Levels and vault maps discovered:
D:1:      ncdulo_wetmaze, layout_basic
D:2:      layout_loops_ring, st_stairs_8, kennysheep_jessica_study, uniq_robin,
          uniq_jessica, uniq_natasha

Skill      XL: |  1  2  3  4 |
---------------+-------------+-----
Fighting       | 2 |  2.8
Dodging        | 3 4 |  4.2
Ranged Weapons | 6 |  6.5
Stealth        | |  1.2

Action                     |  1- 3 |  4- 6 || total
---------------------------+-------+-------++-------
   Fire: Shortbow          |    87 |    77 ||   164
    Use: Potion            |       |     2 ||     2
 Armour: Leather armour    |    15 |     7 ||    22
         Skin              |       |     1 ||     1
  Dodge: Dodged            |    21 |    47 ||    68

Table legend: (Time is in decaauts)
 A = Elapsed time spent in this place.
 B = Non-inter-level travel time spent in this place.
 C = Inter-level travel time spent in this place.
 D = Time resting spent in this place.
 E = Time spent auto-exploring this place.
 F = Levels seen in this place.
 G = Mean time per level.
                   A        B        C        D        E       F      G
               +--------+--------+--------+--------+--------+-----+--------+
         Total |   1415 |   1394 |     21 |      0 |   1120 |   2 |  707.5 |
       Dungeon |   1415 |   1394 |     21 |      0 |   1120 |   2 |  707.5 |
               +--------+--------+--------+--------+--------+-----+--------+

Top non-repeatable levels by time:
     D:1: 995 daAuts
     D:2: 419 daAuts
